 Dungeon Crawl Stone Soup version 0.29-a0-22-gbf593b16ee (webtiles) character file.

Game seed: 8416414275812520535

2652 HallandMoats the Fighter (level 9, -2/81 HPs)
             Began as a Formicid Fighter on Jan 29, 2022.
             Was a Believer of the Shining One.
             Slain by a two-headed ogre (19 damage)
             ... on level 8 of the Dungeon on Jan 30, 2022.
             The game lasted 00:10:48 (8320 turns).

HallandMoats the Fighter (Formicid Fighter)         Turns: 8320, Time: 00:10:48

Health: -2/81      AC: 10    Str: 23    XL:     9   Next: 93%
Magic:  20/21      EV: 11    Int:  8    God:    the Shining One [**....]
Gold:   282        SH: 13    Dex: 12    Spells: 8/8 levels left

rFire   . . .      SeeInvis +   a - +2 hand axe (flame)
rCold   . . .      Faith    .   c - +0 buckler
rNeg    + . .      Spirit   .   s - +0 scale mail
rPois   .          Reflect  .   (helmet unavailable)
rElec   .          Harm     .   y - scarf {repulsion}
rCorr   .          Rampage  .   (no gloves)
Will    .....      Clarity  +   r - +2 pair of boots
Stlth   ..........              e - amulet of the acrobat
HPRegen 0.23/turn               q - ring of magical power
MPRegen 0.17/turn               (no ring)

@: divinely shielded, glowing, repel missiles
A: permanent stasis, dig shafts and tunnels, antennae 3, four strong arms,
clarity, robust 1
a: Dig, Shaft Self, Renounce Religion, Divine Shield


You were on level 8 of the Dungeon.
You worshipped the Shining One.
The Shining One was pleased with you.
You visited 2 branches of the dungeon, and saw 9 of its levels.

You collected 378 gold pieces.
You spent 96 gold pieces at shops.

Inventory:

Hand Weapons
 a - a +2 hand axe of flaming (weapon)
 b - a +1 dagger of venom
 m - a +3 dagger of electrocution
Armour
 c - a +0 buckler (worn)
 r - a +2 pair of boots (worn)
 s - a +0 scale mail (worn)
 y - a scarf of repulsion (worn)
Jewellery
 e - an amulet of the acrobat (around neck)
 g - a ring of wizardry
 q - a ring of magical power (left hand)
Wands
 v - a wand of polymorph (12)
Scrolls
 j - a scroll of magic mapping
 l - a scroll of amnesia
 p - 2 scrolls of immolation {unknown}
 u - a scroll of identify
 w - a scroll of silence
 A - 2 scrolls of fog
Potions
 d - a potion of might
 f - a potion of mutation
 h - a potion of heal wounds {unknown}
 i - a potion of invisibility
 k - a potion of ambrosia
 n - 2 potions of magic
 o - a potion of haste
 t - 2 potions of brilliance
 z - a potion of flight {unknown}
 B - 2 potions of lignification {unknown}


   Skills:
 * Level 8.0 Fighting
 * Level 6.7 Axes
 + Level 5.9 Armour
 + Level 3.7 Dodging
 + Level 6.4 Shields
 + Level 5.0 Invocations


You had 8 spell levels left.
You didn't know any spells.
Your spell library contained the following spells:

 Spells                   Type           Power      Damage    Failure   Level
 Apportation              Tloc           0%         N/A       77%         1
 Summon Small Mammal      Summ           0%         N/A       77%         1
 Call Canine Familiar     Summ           0%         N/A       98%         3
 Summon Guardian Golem    Hex/Summ       0%         N/A       98%         3
 Alistair's Intoxication  Tmut/Pois      0%         N/A       100%        5


Dungeon Overview and Level Annotations

Branches:
Dungeon (8/15)             Temple (1/1) D:5
   Lair: D:8-11

Altars:
Ashenzari
Cheibriados
Gozag
Makhleb
Nemelex Xobeh
Okawaru
Wu Jian
Yredelemnul
The Shining One

Shops:
D:3 *   D:5 *?(


Innate Abilities, Weirdness & Mutations

You cannot be hasted, slowed, berserked, paralysed or teleported.
You can dig through walls and to a lower floor.
You have a pair of large antennae on your head. (SInv)
Your four strong arms can wield two-handed weapons with a shield.
You possess an exceptional clarity of mind.
You are robust. (+10% HP)


Message History

a - a +2 hand axe of flaming (weapon)
Your +2 hand axe of flaming stops flaming.
Your +1 dagger of venom begins to drip with poison!
b - a +1 dagger of venom (weapon)
Your shield is strengthened by the Shining One's divine power.
Found 19 sling bullets.
You block the two-headed ogre's attack. x2
You hit the two-headed ogre.
The two-headed ogre is lightly wounded.
The two-headed ogre hits you with a +0 giant club! x2
You hit the two-headed ogre but do no damage.
The two-headed ogre is poisoned.
The two-headed ogre is lightly wounded.
You hit the two-headed ogre.
The two-headed ogre looks even sicker.
The two-headed ogre is lightly wounded.
The two-headed ogre hits you with a +0 giant club!! x2
* * * LOW HITPOINT WARNING * * *
You are too injured to fight recklessly!
You are too injured to fight recklessly!
You are too injured to fight recklessly!
You are too injured to fight recklessly!
You are too injured to fight recklessly!
You are too injured to fight recklessly!
You are too injured to fight recklessly!
You are too injured to fight recklessly!
You are too injured to fight recklessly!
You are too injured to fight recklessly!
You are too injured to fight recklessly!
You are too injured to fight recklessly!
You are too injured to fight recklessly!
You are too injured to fight recklessly!
You are too injured to fight recklessly!
You are too injured to fight recklessly!
You see here 10 gold pieces.
Okay, then.
Your +1 dagger of venom stops dripping with poison.
Your +2 hand axe of flaming bursts into flame!
a - a +2 hand axe of flaming (weapon)
You block the two-headed ogre's attack.
The two-headed ogre hits you with a +0 giant club!!
You die...

...####......[..
#..#.#..........
#.........?...(
#.............
##........(..
#####.....)......
##.#.....$........
#<.#..............
#....@O...........
##................
###.............#
##.............
#.............
######.......
..... ...


You could see a two-headed ogre (very poisoned).

Vanquished Creatures
  A wizard (D:7)
  Sigmund (D:5)
  A steam dragon (D:7)
  3 ice beasts
  An orc warrior (D:7)
  A black bear (D:7)
  4 ogres
  A bullfrog (D:7)
  A wyvern zombie (D:6)
  2 scorpions
  A wyvern skeleton (D:5)
  2 water moccasin skeletons
  3 hounds
  A jelly (D:7)
  A bullfrog skeleton (D:6)
  A bullfrog zombie (D:5)
  An orc priest (D:7)
  A centaur skeleton (D:7)
  Jessica (D:2)
  5 iguanas
  2 orc wizards (D:4)
  2 killer bee zombies
  A howler monkey zombie (D:7)
  Robin (D:4)
  5 adders
  A shadow imp (D:5)
  4 white imps
  An ufetubus (D:6)
  3 dart slugs
  26 orcs
  4 endoplasms
  3 giant cockroaches
  16 goblins
  8 hobgoblins
  2 jackals (D:1)
  5 kobolds
  2 quokkas
  3 ball pythons
  5 bats (D:1)
  2 frilled lizards
  4 rats
133 creatures vanquished.

Notes
Turn   | Place    | Note
-------+----------+-------------------------------------------
     0 | D:1      | HallandMoats the Formicid Fighter began the quest for the
                  | Orb.
     0 | D:1      | Reached XP level 1. HP: 18/18 MP: 1/1
   145 | D:1      | Reached XP level 2. HP: 24/24 MP: 2/2
   276 | D:1      | Reached XP level 3. HP: 24/29 MP: 3/3
   943 | D:2      | Noticed Jessica
   951 | D:2      | Killed Jessica
   952 | D:2      | Reached skill level 1 in Invocations
   952 | D:2      | Reached XP level 4. HP: 37/37 MP: 4/4
  1066 | D:2      | Reached skill level 1 in Dodging
  1252 | D:2      | Found a glowing golden altar of the Shining One.
  1363 | D:2      | Became a worshipper of the Shining One
  1471 | D:3      | Found a broken altar of Ashenzari.
  1593 | D:3      | Reached skill level 4 in Fighting
  1739 | D:3      | Found Wous's General Store.
  2124 | D:4      | Noticed Robin
  2135 | D:4      | Killed Robin
  2136 | D:4      | Reached XP level 5. HP: 39/42 MP: 6/6
  2144 | D:4      | Gained mutation: You are robust. (+10% HP) [potion of
                  | mutation]
  2144 | D:4      | Gained mutation: You possess an exceptional clarity of
                  | mind. [potion of mutation]
  2322 | D:4      | Reached XP level 6. HP: 53/53 MP: 7/7
  3084 | D:4      | Identified the +6 trident of Inflation {drain, Int+5 Dex-5}
  3157 | D:4      | Reached skill level 5 in Fighting
  3343 | D:5      | Entered Level 5 of the Dungeon
  3343 | D:5      | Found a staircase to the Ecumenical Temple.
  3386 | D:5      | Reached XP level 7. HP: 30/61 MP: 8/8
  3533 | D:5      | Reached * piety under the Shining One
  3536 | D:5      | Found Raise's Assorted Antiques.
  3693 | Temple   | Entered the Ecumenical Temple
  4188 | D:5      | Noticed Sigmund
  4204 | D:5      | Killed Sigmund
  4205 | D:5      | Reached skill level 5 in Shields
  4205 | D:5      | Reached XP level 8. HP: 35/70 MP: 10/10
  4428 | D:5      | Found a burning altar of Makhleb.
  4468 | D:5      | Reached skill level 6 in Fighting
  4526 | D:5      | Found Zaercher's Weapon Shop.
  4620 | D:5      | Found Quuphauh's Magic Scroll Shop.
  4628 | D:5      | Bought a scroll of identify for 24 gold pieces
  4628 | D:5      | Bought a scroll of identify for 24 gold pieces
  4628 | D:5      | Bought a scroll of identify for 24 gold pieces
  4628 | D:5      | Bought a scroll of identify for 24 gold pieces
  4794 | D:6      | Reached skill level 5 in Axes
  5535 | D:6      | Reached skill level 5 in Armour
  6218 | D:6      | Reached XP level 9. HP: 57/78 MP: 12/12
  6492 | D:6      | Reached skill level 7 in Fighting
  7414 | D:7      | Reached ** piety under the Shining One
  7764 | D:7      | Found a sparkling altar of Nemelex Xobeh.
  7788 | D:7      | Noticed a wizard
  7804 | D:7      | Killed a wizard
  7909 | D:7      | Found an opulent altar of Gozag.
  7937 | D:7      | Found a snail-covered altar of Cheibriados.
  7987 | D:7      | Reached skill level 5 in Invocations
  8069 | D:7      | Found an iron altar of Okawaru.
  8166 | D:7      | Reached skill level 8 in Fighting
  8305 | D:8      | Noticed a two-headed ogre
  8320 | D:8      | Slain by a two-headed ogre

Illustrated notes

Levels and vault maps discovered:
D:1:      dpeg_arrival_long_road, layout_loops_ring, supply_closet_lemuel,
          minmay_nonomino_d4
D:2:      layout_basic, basic_altar, uniq_jessica
D:3:      layout_loops_cross, lemuel_doored_altar, serial_shops, shop,
          guppyfry_early_orc_mine
D:4:      layout_basic, serial_corexii_hall, chequers_hall_statues_corner_a,
          chequers_hall_statues_wall_a, nicolae_ossuary_entry_monument,
          uniq_robin
D:5:      layout_gridville, makhleb_heckhound_becter,
          minmay_temple_entry_offerings, serial_shops,
          nicolae_shop_advertising_works [nicolae_subvault_shop_adworks],
          nicolae_shop_bloodbath_and_beyond, shop, uniq_sigmund
D:6:      layout_layer_cave
D:7:      cheibrodos_wizards_tower, layout_rooms, kennysheep_slug_shrine,
          mainiacjoe_overflow_alcove_4, mainiacjoe_overflow_catwalk_spiral
D:8:      layout_cave_pools, gammafunk_ghost_hive, minivault_10
Temple:   nicolae_temple_great_sept

Skill      XL: |  1  2  3  4  5  6  7  8  9 |
---------------+----------------------------+-----
Invocations    | 1 2 3 4 5 |  5.0
Dodging        | 1 2 3 |  3.7
Fighting       | 4 5 6 8 |  8.0
Shields        | 4 5 6 |  6.4
Axes           | 3 4 5 6 |  6.7
Armour         | 4 5 |  5.9

Action                   |  1- 3 |  4- 6 |  7- 9 || total
-------------------------+-------+-------+-------++-------
Melee: War axe           |    63 |    48 |       ||   111
       Dagger            |       |    98 |   229 ||   327
       Hand axe          |       |       |    74 ||    74
Invok: Divine Shield     |       |       |     1 ||     1
  Use: Potion            |       |     3 |     2 ||     5
       Scroll            |       |       |    11 ||    11
Armor: Scale mail        |    33 |    49 |    77 ||   159
Dodge: Dodged            |    31 |    63 |   141 ||   235
       Repelled          |       |     1 |     2 ||     3
Block: Buckler           |    25 |    28 |    75 ||   128

Table legend: (Time is in decaauts)
 A = Elapsed time spent in this place.
 B = Non-inter-level travel time spent in this place.
 C = Inter-level travel time spent in this place.
 D = Time resting spent in this place.
 E = Time spent auto-exploring this place.
 F = Levels seen in this place.
 G = Mean time per level.
                   A        B        C        D        E       F      G
               +--------+--------+--------+--------+--------+-----+--------+
         Total |   8371 |   8067 |    304 |    816 |   5936 |   9 |  930.1 |
       Dungeon |   8198 |   7894 |    304 |    644 |   5936 |   8 | 1024.8 |
        Temple |    173 |    173 |      0 |    172 |      0 |   1 |  173.0 |
               +--------+--------+--------+--------+--------+-----+--------+

Top non-repeatable levels by time:
     D:6: 2838 daAuts
     D:5: 1244 daAuts
     D:4: 1225 daAuts
     D:1: 898 daAuts
     D:3: 760 daAuts
     D:7: 705 daAuts
     D:2: 504 daAuts
  Temple: 173 daAuts
     D:8: 21 daAuts
